Map: Berlingrad LE

Players

VibrantBlue

  • Race: Terran Terran
  • League: Master
  • Spawn Location: 5:00

Pumba - Winner!

  • Race: Protoss Protoss
  • League: Master
  • Spawn Location: 11:00

VOD

Have the link to the VOD?

Description

Time

  • Played on: April 12, 2022, 9:37 p.m.
  • Length: 4:15
Show
View Real Time Build Order
Export as new Build Order

VibrantBlue Terran 

Build Orders:  

Get SALT Encoding   

  12  0:00  SCV  
  13  0:12  SCV  
  14  0:19  Supply Depot  
  14  0:24  SCV  
  15  0:42  Barracks  
  15  0:46  Supply Depot  
  15  0:49  SCV  
  16  1:05  Barracks  
  16  1:15  Barracks  
  16  1:32  Marine  
  16  1:37  Orbital Command  
  17  1:50  Marine  
  18  1:56  Marine  
  19  2:04  Marine  
  19  2:08  Marine  
  20  2:13  Marine  
  22  2:21  Marine  
  23  2:26  Marine  
  24  2:31  Marine  
  25  2:39  Marine  
  25  2:44  Marine  
  26  2:49  Marine  
  28  2:57  Marine  
  29  3:01  Marine  
  29  3:07  Marine  
  29  3:15  Marine  
  29  3:19  Marine  
  28  3:24  Bunker  
  28  3:25  Marine  
  27  3:33  Marine  
Show
View Real Time Build Order
Export as new Build Order

Pumba Protoss - Winner!

Build Orders: 1 Gate Expand 

Get SALT Encoding   

  12  0:00  Probe  
  13  0:14  Pylon  
  13  0:19  Probe (Chrono Boost)  
  14  0:31  Probe (Chrono Boost)  
  14  0:33  Gateway  
  15  0:39  Probe (Chrono Boost)  
  15  0:42  Assimilator  
  16  0:45  Probe  
  17  0:57  Probe  
  18  1:09  Probe  
  19  1:21  Probe  
  19  1:24  Cybernetics Core  
  20  1:34  Nexus  
  20  1:40  Nexus  
  20  1:44  Probe  
  21  1:54  Assimilator  
  21  1:57  Probe  
  21  1:59  Pylon  
  22  2:11  Probe  
  22  2:14  Stalker (Chrono Boost)  
  23  2:18  Shield Battery  
  25  2:36  Pylon  
  25  2:37  Stalker (Chrono Boost)  
  25  2:40  Probe  
  28  2:51  Gateway  
  28  2:57  Shield Battery  
  28  3:02  Stalker (Chrono Boost)  
  30  3:27  Stalker  
  32  3:37  Pylon  
  32  3:39  Pylon  
  24  4:06  Probe x2 (Chrono Boost)  
Tags
 
Add a new tag
Caveats
  • Supply blocks, unpowered buildings, or Contaminate may cause inaccurate times.
  • Supply counts are checked every 10 seconds.